 Dungeon Crawl Stone Soup version 0.15-a0-895-g19c7863 (console) character file.

113 MottledDragon the Cudgeler (level 4, -8/48 HPs)
             Began as an Ogre Fighter on May 19, 2014.
             Killed by divine providence
             ... invoked by an orc priest
              (10 damage)
             ... on Level 3 of the Dungeon.
             The game lasted 00:03:27 (879 turns).

MottledDragon the Cudgeler (Ogre Fighter)            Turns: 879, Time: 00:03:27

HP  -8/48        AC  3     Str 21      XL: 4   Next: 96%
MP   4/4         EV  8     Int  9 (12) God:
Gold 28          SH 17     Dex 10      Spells:  0 memorised,  3 levels left

rFire  . . .     SeeInvis .     a - +0 flail
rCold  . . .     Clarity  .     w - +0 robe
rNeg   . . .     Conserve .     c - +0 shield
rPois  .         rCorr    .     (helmet restricted)
rElec  .         rRot     .     (no cloak)
SustAb .         Spirit   .     (gloves unavailable)
rMut   .         Warding  .     (boots unavailable)
Gourm  .         Stasis   .     (no amulet)
MR     .....                    (no ring)
                                (no ring)

@: brilliant, not resistant to hostile enchantments, very unstealthy
A: unfitting armour, tough skin 1
a: no special abilities


You were on level 3 of the Dungeon.
You were not hungry.

You visited 1 branch of the dungeon, and saw 3 of its levels.

You collected 28 gold pieces.

Inventory:

Hand weapons
 a - a +0,+0 flail (weapon)
 u - a +2,+2 antimagic scythe
Armour
 c - a +0 shield (worn)
 w - a +0 robe (worn)
Comestibles
 d - 2 meat rations
 j - 3 bread rations
 v - 2 chunks of human flesh
Scrolls
 f - a scroll of enchant weapon I {unknown}
 g - a scroll of blinking {unknown}
 k - 2 scrolls of fear {unknown}
 l - a scroll of amnesia {unknown}
 m - 2 scrolls of identify {unknown}
 n - a scroll of remove curse
 o - a scroll of enchant weapon II {unknown}
 r - a scroll of teleportation {unknown}
 t - a scroll of recharging {unknown}
Potions
 e - a potion of might
 h - a potion of degeneration
Books
 s - a book of Alchemy

   Spells                             Type                      Level
   Sublimation of Blood               Necromancy                   2
   Alistair's Intoxication            Transmutation/Poison         4
   Condensation Shield                Ice                          4
   Petrify                            Transmutation/Earth          4
   Ignite Poison                      Fire/Transmutation           5


   Skills:
 - Level 4.0 Fighting
 + Level 6.5 Maces & Flails
 - Level 2.6 Dodging
 - Level 2.6 Shields


You had 3 spell levels left.
You didn't know any spells.

Dungeon Overview and Level Annotations

Branches:
Dungeon (3/15)

Altars:


Innate Abilities, Weirdness & Mutations

You are too large for most types of armour.
You have tough skin (AC +1).


Message History

You feel dopey.
It was a potion of degeneration.
Drink which item? (? for menu, Esc to quit)
You feel clever all of a sudden.
It was a potion of brilliance.
The orc priest calls down the wrath of Beogh upon you.
Pain shoots through your body!
* * * LOW HITPOINT WARNING * * *
Drink which item? (? for menu, Esc to quit)
You feel better.
It was a potion of curing.
The orc priest invokes the aid of Beogh against you.
Pain shoots through your body!
* * * LOW HITPOINT WARNING * * *
Things that are here:
a glowing dagger; a goblin corpse The orc priest prays to Beogh.
You feel troubled.
The orc priest mumbles some strange prayers to Beogh against you.
Something smites you!
You die...

#...# #o.o# #.).# .
##o####.## ####.# #...
#..).###... #.....##..
#.....##.# ###.@.##.# #
##.##..### # #....)..# #
### ##...##.##### # .>...
#...##.....#### #
.....#######.######....###
........................[.
#..........................
...####<.....###...##.###.


You could see an orc priest and 2 orcs.

Vanquished Creatures
  Sigmund (D:3)
  A giant mite (D:1)
  A giant gecko (D:2)
  2 oozes
  A ball python (D:1)
  3 bats (D:2)
  2 hobgoblins
  3 jackals (D:2)
  A quokka (D:2)
  2 giant newts (D:2)
  5 goblins
  3 kobolds
  4 rats
29 creatures vanquished.

Notes
Turn   | Place    | Note
--------------------------------------------------------------
     0 | D:1      | MottledDragon, the Ogre Fighter, began the quest for the Orb.
     0 | D:1      | Reached XP level 1. HP: 24/24 MP: 1/1
    14 | D:1      | Reached XP level 2. HP: 17/32 MP: 2/2
   595 | D:2      | Reached XP level 3. HP: 26/39 MP: 3/3
   793 | D:3      | Noticed Sigmund
   815 | D:3      | Killed Sigmund
   815 | D:3      | Reached skill level 6 in Maces & Flails
   815 | D:3      | Reached XP level 4. HP: 27/48 MP: 1/4
   874 | D:3      | HP: 2/48 [orc priest/nerve-wracking pain (5)]
   879 | D:3      | Killed from afar by an orc priest

Action                   |  1- 3 |  4- 6 || total
-------------------------+-------+-------++-------
Melee: Flail             |    98 |     4 ||   102
  Use: Scroll            |     1 |       ||     1
       Potion            |       |     3 ||     3
